 Dungeon Crawl Stone Soup version 0.19.4-8-ga85b6b9 (webtiles) character file.

79 JNO the Charlatan (level 4, -5/33 HPs)
             Began as a Human Artificer on Feb 9, 2017.
             Killed by divine providence
             ... invoked by an orc priest
              (8 damage)
             ... on level 3 of the Dungeon.
             The game lasted 00:09:11 (2140 turns).

JNO the Charlatan (Human Artificer)                 Turns: 2140, Time: 00:09:13

Health: -5/33      AC:  3    Str: 13    XL:     4   Next: 62%
Magic:  6/6        EV: 12    Int: 11    God:
Gold:   177        SH:  0    Dex: 14    Spells: 0 memorised, 3 levels left

rFire  . . .     SeeInvis .     n - +1 dagger (speed)
rCold  . . .     Gourm    .     b - +0 leather armour
rNeg   . . .     Faith    .     (no shield)
rPois  .         Spirit   .     (no helmet)
rElec  .         Reflect  .     (no cloak)
rCorr  .         Harm     .     (no gloves)
MR     .....                    (no boots)
Stlth  ++........               (no amulet)
                                (no ring)
                                (no ring)

@: no status effects
A: no striking features
a: no special abilities


You were on level 3 of the Dungeon.
You were not hungry.

You visited 1 branch of the dungeon, and saw 3 of its levels.

You collected 177 gold pieces.

Inventory:

Hand Weapons
 a - a +0 short sword
 h - a cursed -3 dagger
 n - a +1 dagger of speed (weapon)
Armour
 b - a +0 leather armour (worn)
Wands
 c - a wand of flame (11/48)
 d - a wand of enslavement (13/24)
 e - a wand of random effects (14/48)
Scrolls
 g - 2 scrolls of remove curse {unknown}
 i - a scroll of recharging {unknown}
 j - 4 scrolls of identify {unknown}
 k - a scroll of fear {unknown}
 l - a scroll of enchant armour {unknown}
 p - a scroll of fog {unknown}
 q - a scroll of magic mapping {unknown}
Potions
 m - a potion of brilliance {unknown}
Comestibles
 f - 2 bread rations
 o - 4 chunks of flesh


   Skills:
 + Level 2.0 Fighting
 + Level 1.9 Short Blades
 + Level 2.7 Dodging
 + Level 2.0 Stealth
 + Level 3.4 Evocations


You had 3 spell levels left.
You didn't know any spells.

Dungeon Overview and Level Annotations

Branches:
Dungeon (3/15)

Altars:


Message History

You kill the orc priest!
Your Fighting skill increases to level 2!
Your Stealth skill increases to level 2!
The orc priest calls down the wrath of Beogh upon you.
Beogh smites you! The orc barely misses you.
Your orc hits the orc priest with a club.
The orc priest invokes the aid of Beogh against you.
Beogh smites you!
* * * LOW HITPOINT WARNING * * *
Your orc hits the orc priest but does no damage.
Evoke which item? (* to show all) (? for menu, Esc to quit)
Zapping:
d - a wand of enslavement (14/24)
Press: ? - help, Shift-Dir - straight line, f - orc
Aim: an orc (chance to defeat MR: 70%)
The orc is charmed.
This wand has 13 charges left.
The orc priest closely misses your orc.
The orc priest mumbles some strange prayers to Beogh against you.
Beogh smites you!
You die...

.........##..# ##
#......o.....#
#######.####......
#.##########
#(.o..o.# ###
#.#####.# .. #.#
#.# .#
#.#####o###.#
#######..<.....o@.#
.......######.#####
######..>.....#
##########


You could see an orc priest and a friendly orc.

Vanquished Creatures
  An orc priest (D:3)
  An adder (D:2)
  A worm (D:3)
  A dart slug (D:1)
  5 leopard geckos
  A giant cockroach (D:2)
  5 goblins
  4 hobgoblins
  2 quokkas (D:2)
  3 bats (D:1)
  A frilled lizard (D:1)
  3 kobolds
  5 rats
  A fungus (D:2)
34 creatures vanquished.

Notes
Turn   | Place    | Note
-------+----------+-------------------------------------------
     0 | D:1      | JNO the Human Artificer began the quest for the Orb.
     0 | D:1      | Reached XP level 1. HP: 15/15 MP: 3/3
   479 | D:1      | Reached XP level 2. HP: 21/21 MP: 4/4
   842 | D:1      | You fall through a shaft!
   928 | D:2      | Reached XP level 3. HP: 26/26 MP: 5/5
  2004 | D:3      | Reached XP level 4. HP: 30/33 MP: 6/6
  2140 | D:3      | Killed from afar by an orc priest

Skill      XL: |  1  2  3  4 |
---------------+-------------+-----
Fighting       | 2 |  2.0
Stealth        | 2 |  2.0
Short Blades   | |  1.9
Dodging        | |  2.7
Evocations     | |  3.4

Action                   |  1- 3 |  4- 6 || total
-------------------------+-------+-------++-------
Melee: Short sword       |    48 |       ||    48
       Dagger            |   108 |    15 ||   123
Evoke: Wand              |     5 |     2 ||     7
 Stab: Sleeping          |     3 |       ||     3
       Distracted        |     1 |       ||     1
  Eat: Chunk             |     3 |     1 ||     4
Armor: Leather armour    |    26 |       ||    26
Dodge: Dodged            |    59 |     7 ||    66
